 Dungeon Crawl Stone Soup version 0.27.1-16-g815e20cd7a (webtiles) character file.

Game seed: 18266696065085768078

41 DearestLeader the Magician (level 3, -2/25 HPs)
             Began as a Gnoll Wanderer on Nov 19, 2021.
             Slain by Natasha (5 damage)
             ... on level 2 of the Dungeon on Nov 22, 2021.
             The game lasted 00:03:57 (2326 turns).

DearestLeader the Magician (Gnoll Wanderer)         Turns: 2326, Time: 00:03:57

Health: -2/25      AC:  4    Str: 12    XL:     3   Next: 52%
Magic:  3/11       EV: 11    Int: 11    God:
Gold:   63         SH:  0    Dex: 11    Spells: 10/16 levels left

rFire    . . .     SeeInvis .   f - +0 short sword
rCold    . . .     Faith    .   (no shield)
rNeg     . . .     Spirit   .   b - +0 robe
rPois    .         Reflect  .   (no helmet)
rElec    .         Harm     .   (no cloak)
rCorr    .         Rampage  .   (no gloves)
Will     .....                  e - +1 pair of boots
Stlth    ++........             (no amulet)
HPRegen  0.08/turn              (no ring)
MPRegen  0.12/turn              (no ring)

@: slowed, very slow
A: fangs 1, strong nose, distributed training
a: no special abilities


You were on level 2 of the Dungeon.
You visited 1 branch of the dungeon, and saw 2 of its levels.

You collected 63 gold pieces.

Inventory:

Hand Weapons
 a - a +0 club
 f - a +0 short sword (weapon)
 h - a +0 whip
Armour
 b - a +0 robe (worn)
 e - a +1 pair of boots (worn)
 i - a +0 buckler
Scrolls
 d - a scroll of magic mapping {unknown}
 g - 2 scrolls of noise {unknown}
 j - a scroll of teleportation {unknown}
 k - a scroll of vulnerability {unknown}


   Skills:
 + Level 0.8 Fighting
 + Level 0.8 Short Blades
 + Level 0.8 Long Blades
 + Level 0.8 Axes
 + Level 0.8 Maces & Flails
 + Level 0.8 Polearms
 + Level 0.8 Staves
 + Level 0.8 Slings
 + Level 0.8 Bows
 + Level 0.8 Crossbows
 + Level 0.8 Throwing
 + Level 0.8 Armour
 + Level 0.8 Dodging
 + Level 2.4 Stealth
 + Level 0.8 Shields
 + Level 0.8 Unarmed Combat
 + Level 7.1 Spellcasting
 + Level 0.5 Conjurations
 + Level 3.7 Hexes
 + Level 0.5 Summonings
 + Level 0.5 Necromancy
 + Level 0.5 Translocations
 + Level 2.1 Transmutations
 + Level 3.7 Fire Magic
 + Level 0.5 Ice Magic
 + Level 0.5 Air Magic
 + Level 0.5 Earth Magic
 + Level 0.5 Poison Magic
 + Level 1.0 Invocations
 + Level 2.6 Evocations


You had 10 spell levels left.
You knew the following spells:

 Your Spells              Type           Power      Damage    Failure   Level
a - Corona                Hex            13%        N/A       3%          1
b - Ensorcelled Hibernat  Hex/Ice        16%        N/A       11%         2
c - Confusing Touch       Hex            12%        N/A       11%         3

Your spell library contained the following spells:

 Spells                   Type           Power      Damage    Failure   Level
 Tukima's Dance           Hex            12%        N/A       11%         3
 Apportation              Tloc           10%        N/A       14%         1
 Dazzling Flash           Conj/Hex       16%        N/A       22%         3
 Lesser Beckoning         Tloc           2%         N/A       38%         3


Dungeon Overview and Level Annotations

Branches:
Dungeon (2/15)

Altars:

Annotations:
D:2 Natasha


Innate Abilities, Weirdness & Mutations

You have very sharp teeth.
Your uncanny sense of smell can sniff out nearby items.
Your experience applies equally to all skills.


Message History

Confirm with . or Enter, or press ? or * to list all spells.
Aiming: Ensorcelled Hibernation (safe; 11% risk of failure)
Press: ? - help, Shift-Dir - straight line, f - Natasha
Aim: Natasha (chance to affect: 39%) Natasha resists with some effort.
The shadow imp grinds its teeth.
Natasha closely misses you.
Casting: Ensorcelled Hibernation (safe; 11% risk of failure)
Confirm with . or Enter, or press ? or * to list all spells.
Aiming: Ensorcelled Hibernation (safe; 11% risk of failure)
Press: ? - help, Shift-Dir - straight line, f/p - Natasha
Aim: Natasha (chance to affect: 39%) Natasha looks drowsy...
The helpless Natasha fails to defend herself.
You puncture Natasha!
Natasha is severely wounded.
Natasha claws you.
You hit Natasha but do no damage. You bite Natasha, but do no damage.
Natasha is severely wounded.
Natasha claws you but does no damage.
You closely miss Natasha.
Natasha is severely wounded.
Natasha mumbles some strange words.
You closely miss Natasha. Your bite misses Natasha.
Natasha is severely wounded.
Natasha closely misses you.
The crimson imp blinks!
Casting: Ensorcelled Hibernation (safe; 11% risk of failure)
Confirm with . or Enter, or press ? or * to list all spells.
Aiming: Corona (safe; 3% risk of failure)
Press: ? - help, Shift-Dir - straight line, f/p - Natasha
Aim: Natasha (severely wounded, chance to affect: 49%) Natasha is outlined in light.
Natasha casts a spell at you.
You feel yourself slow down. The crimson imp closely misses you.
You closely miss Natasha.
Natasha is severely wounded.
Natasha claws you!
* * * LOW HITPOINT WARNING * * *
The crimson imp misses you. Natasha claws you.
You die...

### #<# #.# #.# .
#.#####.# #.......#
##.......#
############....##.##
......5@h55..>#....#
..#########...######
#...# #b.S[# b.....#
........# ..#........
# #..#.....#
##.###.###


You could see Natasha (corona), a crimson imp (summoned) and 2 shadow imps.

Vanquished Creatures
  An adder (D:2)
  3 ball pythons
  3 bats
  4 endoplasms (D:1)
  4 goblins
  4 hobgoblins (D:1)
  A jackal (D:1)
  4 kobolds (D:1)
  3 frilled lizards (D:1)
  4 rats (D:1)
31 creatures vanquished.

Notes
Turn   | Place    | Note
-------+----------+-------------------------------------------
     0 | D:1      | DearestLeader the Gnoll Wanderer began the quest for the
                  | Orb.
     0 | D:1      | DearestLeader set off with the following items: a +0 club,
                  | a +0 robe, a potion of curing; and the following spells
                  | available to memorise: Corona, Ensorcelled Hibernation,
                  | Confusing Touch, Tukima's Dance, Apportation, Dazzling
                  | Flash, Lesser Beckoning
     0 | D:1      | Reached XP level 1. HP: 13/13 MP: 8/8
    31 | D:1      | Learned a level 1 spell: Corona
   649 | D:1      | Reached XP level 2. HP: 13/19 MP: 8/10
  1826 | D:1      | Reached XP level 3. HP: 19/25 MP: 8/11
  1932 | D:1      | Learned a level 2 spell: Ensorcelled Hibernation
  1959 | D:1      | Upgraded the game from 0.27.1-15-g792fb953b9 to
                  | 0.27.1-16-g815e20cd7a
  2055 | D:1      | Learned a level 3 spell: Confusing Touch
  2284 | D:2      | Noticed Natasha
  2300 | D:2      | Reached skill level 1 in Invocations
  2326 | D:2      | Slain by Natasha

Illustrated notes

Levels and vault maps discovered:
D:1:      dpeg_arrival_brainrot, layout_loops_corners
D:2:      layout_basic, uniq_sigmund, uniq_natasha

Skill      XL: |  1  2  3 |
---------------+----------+-----
Transmutations | 2 |  2.1
Invocations    | 1 |  1.0
Fighting       | |  0.8
Short Blades   | |  0.8
Long Blades    | |  0.8
Axes           | |  0.8
Maces & Flails | |  0.8
Polearms       | |  0.8
Staves         | |  0.8
Slings         | |  0.8
Bows           | |  0.8
Crossbows      | |  0.8
Throwing       | |  0.8
Armour         | |  0.8
Dodging        | |  0.8
Stealth        | |  2.4
Shields        | |  0.8
Unarmed Combat | |  0.8
Spellcasting   | |  7.1
Conjurations   | |  0.5
Hexes          | |  3.7
Summonings     | |  0.5
Necromancy     | |  0.5
Translocations | |  0.5
Fire Magic     | |  3.7
Ice Magic      | |  0.5
Air Magic      | |  0.5
Earth Magic    | |  0.5
Poison Magic   | |  0.5
Evocations     | |  2.6

Action                   || total
-------------------------++-------
Melee: Short sword       ||    29
       Club              ||     7
       Whip              ||   103
       Bite              ||    10
 Cast: Corona            ||    19
       Ensorcelled Hiber ||     5
  Use: Potion            ||     1
 Stab: Sleeping          ||     3
Armor: Robe              ||    51
Dodge: Dodged            ||   105
